 Dungeon Crawl Stone Soup version 0.28-a0-863-g8cecda6153 (webtiles) character file.

Game seed: 5408408917075303314

1369 ytrimaz the Covered (level 8, 0/64 HPs)
             Began as a Formicid Fighter on Nov 17, 2021.
             Was a Believer of Zin.
             Slain by a two-headed ogre (15 damage)
             ... on level 6 of the Dungeon.
             The game lasted 00:07:31 (6196 turns).

ytrimaz the Covered (Formicid Fighter)              Turns: 6196, Time: 00:07:32

Health: 0/64       AC:  8    Str: 24    XL:     8   Next: 97%
Magic:  10/11      EV: 10    Int:  7    God:    Zin [**....]
Gold:   130        SH:  4    Dex: 10    Spells: 7/7 levels left

rFire   . . .      SeeInvis +   a - +1 war axe (venom)
rCold   . . .      Faith    .   c - +0 buckler
rNeg    . . .      Spirit   .   b - +1 scale mail
rPois   .          Reflect  .   (helmet unavailable)
rElec   .          Harm     .   (no cloak)
rCorr   .          Rampage  .   (no gloves)
Will    .....                   (no boots)
Stlth   ..........              (no amulet)
HPRegen 0.20/turn               (no ring)
MPRegen 0.12/turn               (no ring)

@: mighty, lethally poisoned (0 -> -8)
A: permanent stasis, dig shafts and tunnels, antennae 3, four strong arms
a: Dig, Shaft Self, Renounce Religion, Recite, Vitalisation, Donate Gold


You were on level 6 of the Dungeon.
You worshipped Zin.
Zin was pleased with you.
You visited 2 branches of the dungeon, and saw 7 of its levels.
You also visited: Sewer.

You collected 214 gold pieces.
You donated 84 gold pieces to Zin.

Inventory:

Hand Weapons
 a - a +1 war axe of venom (weapon)
 x - a -3 executioner's axe
Missiles
 r - 11 poisoned darts
Armour
 b - a +1 scale mail (worn)
 c - a +0 buckler (worn)
Jewellery
 i - an amulet of magic regeneration
 j - a +6 ring of intelligence
 v - a +4 ring of slaying
 w - a +4 ring of protection
Wands
 k - a wand of acid (8)
Scrolls
 g - 2 scrolls of enchant armour
 h - a scroll of noise
 m - a scroll of immolation
 t - a scroll of enchant weapon
 u - a scroll of fear
 y - a scroll of fog {unknown}
Potions
 d - 2 potions of might
 e - a potion of cancellation
 f - 2 potions of attraction
 l - a potion of mutation {unknown}
 n - a potion of haste {unknown}
 o - a potion of magic
 p - 4 potions of curing
 q - a potion of heal wounds {unknown}
 s - a potion of flight {unknown}


   Skills:
 * Level 6.2 Fighting
 + Level 6.4 Axes
 + Level 6.5 Armour
 - Level 0.6 Stealth
 - Level 4.3 Shields
 * Level 4.0 Invocations


You had 7 spell levels left.
You didn't know any spells.
Your spell library contained the following spells:

 Spells                   Type           Power      Damage    Failure   Level
 Slow                     Hex            0%         N/A       71%         1
 Ensorcelled Hibernation  Hex/Ice        0%         N/A       83%         2
 Confusing Touch          Hex            0%         N/A       97%         3
 Spider Form              Tmut/Pois      0%         N/A       97%         3
 Yara's Violent Unravell  Hex/Tmut       0%         3d3       100%        5


Dungeon Overview and Level Annotations

Branches:
Dungeon (6/15)             Temple (1/1) D:4           Sewer (visited)

Altars:
Ashenzari
Cheibriados
Dithmenos
Elyvilon
Fedhas
Gozag
Hepliaklqana
Kikubaaqudgha
Makhleb
Qazlal
Ru
Sif Muna
Trog
Uskayaw
Wu Jian
Xom
Yredelemnul
Zin
The Shining One

Shops:
D:4 (   D:5 *


Innate Abilities, Weirdness & Mutations

You cannot be hasted, slowed, berserked, paralysed or teleported.
You can dig through walls and to a lower floor.
You have a pair of large antennae on your head. (SInv)
Your four strong arms can wield two-handed weapons with a shield.


Message History

The water moccasin poisons you!
You slash the water moccasin!
The water moccasin is poisoned.
The water moccasin is moderately wounded.
You feel very sick.
The water moccasin bites you but does no damage.
You feel very sick.
The water moccasin bites you but does no damage.
You feel sick.
You feel sick.
You feel sick. You block the water moccasin's attack.
You feel very mighty all of a sudden.
You feel sick. The water moccasin bites you!
You are more poisoned.
The water moccasin poisons you!
You barely miss the water moccasin.
The water moccasin is heavily wounded.
You feel very sick. You block the water moccasin's attack.
The water moccasin bites you.
You are more poisoned.
The water moccasin poisons you!
You slash the water moccasin!
The water moccasin is almost dead.
You feel very sick. The water moccasin barely misses you.
The water moccasin bites you but does no damage.
You miss the water moccasin.
The water moccasin is almost dead.
You feel very sick.
You kill the water moccasin!
Your Invocations skill increases to level 4!
You slash the two-headed ogre!
The two-headed ogre is moderately wounded.
You feel very sick.
The two-headed ogre barely misses you. x2
You hit the two-headed ogre.
The two-headed ogre is poisoned.
The two-headed ogre is moderately wounded.
You feel very sick. You block the two-headed ogre's attack.
The two-headed ogre hits you with a +0 giant club!
You die...

...................#
..####..............# .
.!............##
#######....)....##
.#......... ##.####...
#.# #O# > #. #@# .#..
#.# ...# #.# #..# ##.#
####..# #..# # ......##
#.## ..#
###....########.##....#
......................#
#)#..#.#...#...###....#


You could see a two-headed ogre (very poisoned).

Vanquished Creatures
  A water moccasin (D:6)
  A black bear (D:5)
  Pargi (Sewer)
  A phantom (D:5)
  6 scorpions (D:5)
  A howler monkey (D:4)
  A centaur zombie (D:5)
  2 hounds
  2 jellies (D:6)
  An orc priest (D:6)
  4 bullfrog skeletons
  4 iguanas (D:5)
  4 gnolls
  7 adders
  A dart slug (D:1)
  16 orcs
  5 ball pythons
  5 endoplasms
  8 giant cockroaches
  5 goblins
  3 hobgoblins
  3 jackals (D:4)
  4 quokkas
  11 bats
  7 frilled lizards
  5 kobolds
  3 rats
112 creatures vanquished.

Vanquished Creatures (others)
  3 fungi (D:5)
  2 plants (D:5)
5 creatures vanquished.

Grand Total: 117 creatures vanquished

Notes
Turn   | Place    | Note
-------+----------+-------------------------------------------
     0 | D:1      | ytrimaz the Formicid Fighter began the quest for the Orb.
     0 | D:1      | Reached XP level 1. HP: 18/18 MP: 1/1
   219 | D:1      | Reached XP level 2. HP: 19/24 MP: 2/2
   794 | D:2      | Reached XP level 3. HP: 29/29 MP: 3/3
  1086 | D:2      | Found a faded altar of an unknown god.
  1541 | D:3      | Reached XP level 4. HP: 30/37 MP: 4/4
  2574 | D:4      | Reached XP level 5. HP: 42/42 MP: 5/5
  2766 | D:4      | Found Zogaor's Antique Weapon Boutique.
  3110 | D:4      | Identified the +0 leather armour of the Sneaky Interlopers
                  | {Will+}
  3381 | D:4      | Found a staircase to the Ecumenical Temple.
  3389 | D:4      | Reached XP level 6. HP: 46/48 MP: 6/6
  3397 | Temple   | Entered the Ecumenical Temple
  3627 | Temple   | Became a worshipper of Zin the Law-Giver
  3627 | Temple   | Reached * piety under Zin
  4044 | D:5      | Entered Level 5 of the Dungeon
  4063 | D:5      | Reached skill level 1 in Invocations
  4279 | D:5      | Reached skill level 5 in Armour
  4279 | D:5      | Reached XP level 7. HP: 50/55 MP: 8/8
  4466 | D:5      | Found a glowing drain.
  4497 | Sewer    | Entered a sewer
  4537 | Sewer    | Noticed Pargi
  4555 | Sewer    | Killed Pargi
  4908 | Sewer    | Reached skill level 5 in Fighting
  5070 | D:5      | Reached skill level 5 in Axes
  5181 | D:5      | Found Totakil's General Store.
  5206 | D:5      | Reached XP level 8. HP: 35/62 MP: 8/10
  5476 | D:5      | Donated 63 gold pieces to Zin
  5588 | D:5      | Found a broken altar of Ashenzari.
  5709 | D:6      | Noticed a two-headed ogre
  6063 | D:6      | Reached ** piety under Zin
  6196 | D:6      | Slain by a two-headed ogre

Illustrated notes

Levels and vault maps discovered:
D:1:      lightli_arrival_windingriver, layout_basic
D:2:      layout_basic, hellmonk_ecumenical_altar_leap_of_faith, corner_web_ring
D:3:      layout_loops_ring
D:4:      layout_loops_corners, minmay_temple_entry_poolview, serial_shops,
          nicolae_diamond_shop, small_statue_intersection
D:5:      old_forge, layout_loops_ring, cheibrodos_ashenzari_chains,
          portal_sewer_entry_f, kennysheep_windowed_goal
D:6:      layout_rooms, uniq_sigmund
Temple:   hc_temple_tempest_star

Skill      XL: |  1  2  3  4  5  6  7  8 |
---------------+-------------------------+-----
Shields        | 4 |  4.3
Axes           | 3 4 5 6 |  6.4
Armour         | 4 5 6 |  6.5
Fighting       | 4 5 6 |  6.2
Invocations    | 1 2 4 |  4.0
Stealth        | |  0.6

Action                   |  1- 3 |  4- 6 |  7- 9 || total
-------------------------+-------+-------+-------++-------
Melee: War axe           |    82 |   126 |   132 ||   340
Invok: Donate Gold       |       |       |     1 ||     1
  Use: Scroll            |     2 |     7 |     5 ||    14
       Potion            |       |       |     1 ||     1
Armor: Scale mail        |    58 |    57 |    68 ||   183
Dodge: Dodged            |    38 |    62 |    85 ||   185
Block: Buckler           |    23 |    31 |    32 ||    86

Table legend: (Time is in decaauts)
 A = Elapsed time spent in this place.
 B = Non-inter-level travel time spent in this place.
 C = Inter-level travel time spent in this place.
 D = Time resting spent in this place.
 E = Time spent auto-exploring this place.
 F = Levels seen in this place.
 G = Mean time per level.
                   A        B        C        D        E       F      G
               +--------+--------+--------+--------+--------+-----+--------+
         Total |   6360 |   6097 |    263 |    712 |   4246 |   8 |  795.0 |
       Dungeon |   5595 |   5351 |    244 |    440 |   3941 |   6 |  932.5 |
        Temple |    250 |    231 |     19 |      0 |    160 |   1 |  250.0 |
         Sewer |    513 |    513 |      0 |    272 |    144 |   1 |  513.0 |
               +--------+--------+--------+--------+--------+-----+--------+

Top non-repeatable levels by time:
     D:5: 1463 daAuts
     D:4: 1258 daAuts
     D:2: 906 daAuts
     D:3: 903 daAuts
     D:1: 794 daAuts
   Sewer: 513 daAuts
     D:6: 269 daAuts
  Temple: 250 daAuts
